 Dungeon Crawl Stone Soup version 0.30-a0-121-gb27577e5d9 (webtiles) character file.

Game seed: 9214043150092123803

30914 dragoon the Nimble (level 13, -2/103 HPs)
             Began as a Human Conjurer on Aug 3, 2021.
             Was an Elder of Dithmenos.
             Slain by a komodo dragon (9 damage)
             ... on level 4 of the Lair of Beasts on Sept 15, 2022.
             The game lasted 03:08:50 (27870 turns).

dragoon the Nimble (Human Conjurer)                Turns: 27870, Time: 03:08:51

Health: -2/103     AC: 20    Str: 14    XL:     13   Next: 92%
Magic:  6/20       EV: 16    Int: 21    God:    Dithmenos [****..]
Gold:   914        SH:  0    Dex: 17    Spells: 1/22 levels left

rFire   + . .      SeeInvis .    l - +0 dagger (vamp)
rCold   + . .      Faith    .    (no shield)
rNeg    . . .      Spirit   .    Y - +8 ring mail of the Wilderness {Dex+3}
rPois   .          Reflect  .    E - +1 helmet
rElec   .          Harm     .    O - +1 cloak
rCorr   .          Rampage  .    P - +1 pair of gloves
Will    .....      Clarity  +    (no boots)
Stlth   +++++.....               (no amulet)
HPRegen 0.27/turn                G - ring of protection from cold
MPRegen 0.17/turn                J - +6 ring of strength

@: confusing by touch, wreathed by umbra, studying Ice Magic, unable to drink
A: clarity, fire resistance 1, inability to drink after injury 1
a: Renounce Religion, Shadow Step


You were on level 4 of the Lair of Beasts.
You worshipped Dithmenos.
Dithmenos was greatly pleased with you.
You visited 3 branches of the dungeon, and saw 16 of its levels.
You also visited: Bailey and Ice Cave.

You collected 914 gold pieces.

Inventory:

Hand Weapons
 f - the +6 war axe "Ochaemn" {distort, Str+4}
   (You found it on level 11 of the Dungeon)

   It warps and distorts space around it, and may blink, banish, or inflict
   extra damage upon those it strikes.
   Unwielding it can cause banishment or high damage.
   Str:       It affects your strength (+4).
 l - a +0 vampiric dagger (weapon)
 T - a +1 trident of venom
Missiles
 t - 5 atropa-tipped darts
 D - 2 throwing nets
 F - 2 poisoned darts (quivered)
 W - 5 curare-tipped darts
 X - 6 boomerangs of dispersal
Armour
 c - a scarf of repulsion
 m - a +0 cloak of cold resistance
 E - a +1 helmet (worn)
 L - a +0 ring mail of positive energy
 O - a +1 cloak (worn)
 P - a +1 pair of gloves (worn)
 Y - the +8 ring mail of the Wilderness (worn) {Dex+3}
   (You found it on level 11 of the Dungeon)

   Dex:       It affects your dexterity (+3).
Magical Staves
 y - a staff of death
Jewellery
 o - a ring of wizardry
 x - a ring of willpower
 C - the ring "Jyemoost" {rPois rC+ Int+4}
   (You found it on level 3 of the Lair of Beasts)

   [ring of protection from cold]

   Int:       It affects your intelligence (+4).
   rC:        It protects you from cold.
   rPois:     It protects you from poison.
 G - a ring of protection from cold (left hand)
 J - a +6 ring of strength (right hand)
 V - a ring of flight
Wands
 r - a wand of flame (1)
 w - a wand of paralysis (6)
 M - a wand of digging (5)
 S - a wand of roots (3)
Scrolls
 a - 3 scrolls of poison {unknown}
 d - a scroll of brand weapon
 e - a scroll of torment {unknown}
 j - 6 scrolls of noise
 k - 2 scrolls of teleportation
 v - 3 scrolls of vulnerability
 z - 2 scrolls of amnesia
 A - 2 scrolls of magic mapping
 B - 2 scrolls of enchant armour
 K - a scroll of enchant weapon
 U - a scroll of immolation
Potions
 b - 5 potions of mutation
 g - 7 potions of heal wounds
 h - 2 potions of attraction
 i - a potion of flight
 n - 12 potions of curing
 p - a potion of haste
 q - a potion of might
 u - 4 potions of lignification
 H - 2 potions of invisibility
 I - 2 potions of cancellation
 N - a potion of berserk rage
 Q - 3 potions of brilliance {unknown}
 Z - 2 potions of magic


   Skills:
 + Level 9.9 Fighting
 - Level 2.0 Short Blades
 - Level 0.3 Staves
 - Level 2.0 Throwing
 - Level 4.0 Armour
 + Level 10.0 Dodging
 + Level 7.4 Stealth
 - Level 0.3 Unarmed Combat
 - Level 5.0 Spellcasting
 + Level 9.9 Conjurations
 - Level 8.0 Hexes
 + Level 8.8 Necromancy
 - Level 0.3 Translocations
 - Level 0.6 Invocations
 - Level 4.0 Evocations


You had one spell level left.
You knew the following spells:

 Your Spells              Type           Power      Damage    Failure   Level
a - Magic Dart            Conj           100%       1d8       1%          1
b - Searing Ray           Conj           94%        2d7       1%          2
c - Dazzling Flash        Conj/Hex       86%        N/A       1%          3
d - Confusing Touch       Hex            38%        N/A       2%          3
e - Apportation           Tloc           12%        N/A       19%         1
f - Vampiric Draining     Necr           42%        2d9       1%          3
g - Anguish               Hex/Necr       20%        N/A       6%          4
h - Fulminant Prism       Conj/Hex       21%        3d13      5%          4

Your spell library contained the following spells:

 Spells                   Type           Power      Damage    Failure   Level
 Slow                     Hex            100%       N/A       1%          1
 Beastly Appendage        Tmut           10%        N/A       21%         1
 Sting                    Tmut/Pois      20%        1d4       21%         1
 Sublimation of Blood     Necr           42%        N/A       1%          2
 Iskenderun's Mystic Bla  Conj/Tloc      26%        2d7       26%         4
 Irradiate                Conj/Tmut      13%        3d16      58%         5
 Petrify                  Tmut/Erth      5%         N/A       90%         4
 Alistair's Intoxication  Tmut/Pois      3%         N/A       99%         5
 Statue Form              Tmut/Erth      3%         N/A       100%        6
 Enfeeble                 Hex            19%        N/A       100%        7


Dungeon Overview and Level Annotations

Branches:
Dungeon (11/15)            Temple (1/1) D:5            Lair (4/6) D:11
 Shoals (0/4) Lair:2       Spider (0/4) Lair:4       Bailey (visited)
  IceCv (visited)
  Slime: Lair:4-5       Orc: D:9-12

Altars:
Ashenzari
Cheibriados
Dithmenos
Elyvilon
Fedhas
Gozag
Hepliaklqana
Kikubaaqudgha
Makhleb
Nemelex Xobeh
Okawaru
Qazlal
Ru
Sif Muna
Trog
Uskayaw
Vehumet
Wu Jian
Xom
Yredelemnul
Zin
The Shining One

Shops:
D:2 [

Annotations:
D:1 exclusion: downstairs
D:3 exclusion: downstairs
D:8 exclusion: wolf
D:10 exclusion: downstairs
D:11 exclusion: oklob sapling
Lair:2 exclusion: 4 oklob plants
Lair:4 exclusions: blink frog and hydra


Innate Abilities, Weirdness & Mutations

You possess an exceptional clarity of mind.
Your flesh is heat resistant. (rF+)
You occasionally lose the ability to drink potions when taking damage.


Message History

Unknown command.
You cannot drink potions in your current state!
Unknown command.
As you read the scroll of fear, it crumbles to dust.
You assume a fearsome visage.
The elephant looks frightened!
The komodo dragon looks frightened!
The blink frog looks frightened! x3
The blink frog blinks! x5
Unknown command.
Okay, then.
Unknown command.
Aiming: Paralyse
Press: ? - help, Shift-Dir - straight line, f - komodo dragon
Aim: a komodo dragon (lightly wounded, fleeing, chance to confuse on hit: 48%, umbra, chance to affect: 41%)
Your attack snaps the komodo dragon out of its fear.
The komodo dragon resists with some effort.
The blink frog blinks!
Aiming: Paralyse
Press: ? - help, Shift-Dir - straight line, f/p - komodo dragon
Aim: a komodo dragon (lightly wounded, chance to confuse on hit: 48%, umbra, chance to affect: 41%)
The komodo dragon resists with some effort.
The blink frog blinks! x2
The komodo dragon bites you but does no damage.
Aiming: Paralyse
Press: ? - help, Shift-Dir - straight line, f/p - komodo dragon
Aim: a komodo dragon (lightly wounded, chance to confuse on hit: 48%, umbra, chance to affect: 41%)
The komodo dragon resists with some effort.
The komodo dragon bites you!
* * * LOW HITPOINT WARNING * * *
Unknown command.
You cannot drink potions in your current state!
Okay, then.
Okay, then.
Okay, then.
Unknown command.
Aiming: Paralyse
Press: ? - help, Shift-Dir - straight line, f/p - komodo dragon
Aim: a komodo dragon (chance to confuse on hit: 48%, umbra, chance to affect: 41%)
The komodo dragon resists with some effort.
The komodo dragon bites you!
You die...

#...##F~.~~.~
##Y.#P.§~~
#...F....
#........
#†.......
##.###.P.#
#..# .P.#
##l# ..# #.@#
.# ##........
..#.....#
#..###..##
#P.. .# #..#
# ##.. ...


You could see an elephant (fleeing, very poisoned) and a komodo dragon.

Vanquished Creatures
  A hydra (Lair:3)
  Harold (Lair:2)
  2 two-headed ogres
  A fire crab (Lair:2)
  A manticore (D:11)
  Joseph (D:7)
  5 elephants
  2 ice statues (IceCv)
  Maurice (D:8)
  3 black mambas
  A torpor snail (Lair:1)
  An unseen horror (D:11)
  3 cane toads
  Maggie (D:8)
  3 rime drakes
  A kobold demonologist (D:11)
  4 unseen horror zombies (D:8)
  A freezing wraith (IceCv)
  6 ice devils (IceCv)
  A queen bee (D:9)
  4 komodo dragons
  2 hornets (D:11)
  A troll (D:9)
  Grinder (D:4)
  9 blink frogs (Lair:3)
  6 dream sheep (Lair:3)
  2 wraiths
  Sigmund (D:4)
  3 wyverns
  28 yaks
  A steam dragon (D:6)
  Menkaure (D:4)
  2 redbacks (Lair:4)
  10 water moccasins
  4 orc warriors
  2 sky beasts
  4 ice beasts (Lair:4)
  A black bear (D:6)
  2 ogres (D:4)
  9 wolves
  2 centaurs
  A phantom (D:6)
  4 necrophages
  A two-headed ogre simulacrum (IceCv)
  9 bullfrogs
  5 scorpions
  A wyvern zombie (D:8)
  3 elephant simulacra (IceCv)
  18 killer bees
  4 howler monkeys
  A centaur zombie (D:8)
  2 jellies
  3 orc priests
  5 gnoll boudas
  3 hounds
  6 iguanas
  Ijyb (D:3)
  5 orc wizards
  2 troll simulacra (IceCv)
  3 wolf simulacra (IceCv)
  2 spriggan simulacra (IceCv)
  2 killer bee zombies (D:8)
  A mummy (D:4)
  A howler monkey zombie (D:8)
  28 gnolls
  11 adders
  3 naga simulacra (IceCv)
  3 white imps
  An adder zombie (D:2)
  An adder skeleton (D:2)
  2 worms (D:2)
  4 dart slugs
  35 orcs
  12 ball pythons
  4 bats
  9 endoplasms
  5 giant cockroaches
  8 goblins
  9 hobgoblins
  4 jackals (D:11)
  A quokka (D:3)
  3 frilled lizards
  11 kobolds
  3 rats
  A spectral hobgoblin (D:6)
  A bush (D:11)
  A fulminant prism (Lair:1)
378 creatures vanquished.

Vanquished Creatures (others)
  4 yaks
  Grum (D:8)
  A wolf (D:8)
  A centaur (Lair:2)
  A killer bee (D:9)
  An orc priest (D:11)
  An orc wizard (D:7)
  73 fulminant prisms
  33 fungi
  141 plants
  2 withered plants (D:2)
259 creatures vanquished.

Grand Total: 637 creatures vanquished

Notes
Turn   | Place    | Note
-------+----------+-------------------------------------------
     0 | D:1      | dragoon the Human Conjurer began the quest for the Orb.
     0 | D:1      | Reached XP level 1. HP: 13/13 MP: 3/3
    12 | D:1      | Upgraded the game from 0.28-a0-79-g444c7a33f5 to
                  | 0.29-a0-994-gc5c9f59d18
    12 | D:1      | Upgraded the game from 0.29-a0-994-gc5c9f59d18 to
                  | 0.30-a0-121-gb27577e5d9
   237 | D:1      | Reached XP level 2. HP: 20/20 MP: 0/5
   293 | D:1      | Learned a level 2 spell: Searing Ray
   812 | D:1      | Reached skill level 1 in Fighting
   812 | D:1      | Reached XP level 3. HP: 26/26 MP: 3/6
  1140 | D:1      | Found a faded altar of an unknown god.
  1491 | D:2      | Learned a level 3 spell: Dazzling Flash
  1566 | D:2      | Found a radiant altar of Vehumet.
  1688 | D:2      | Reached XP level 4. HP: 32/32 MP: 2/7
  2032 | D:2      | Found Xazi's Antique Armour Shoppe.
  2207 | D:2      | Reached XP level 5. HP: 38/38 MP: 5/9
  3046 | D:3      | Noticed Ijyb
  3293 | D:3      | Reached skill level 1 in Hexes
  3469 | D:3      | Reached XP level 6. HP: 44/44 MP: 10/10
  3578 | D:3      | Killed Ijyb
  3701 | D:4      | Gained mutation: You possess an exceptional clarity of
                  | mind. [potion of mutation]
  3701 | D:4      | Gained mutation: Your flesh is heat resistant. (rF+)
                  | [potion of mutation]
  3701 | D:4      | Gained mutation: You occasionally lose the ability to drink
                  | potions when taking damage. [potion of mutation]
  4018 | D:4      | Noticed Sigmund
  4024 | D:4      | Learned a level 3 spell: Confusing Touch
  4026 | D:4      | Learned a level 1 spell: Apportation
  4041 | D:4      | Noticed an ogre
  4049 | D:4      | Killed an ogre
  4050 | D:4      | Reached skill level 3 in Dodging
  4050 | D:4      | Reached skill level 5 in Conjurations
  4050 | D:4      | Reached XP level 7. HP: 51/51 MP: 5/11
  4144 | D:5      | Entered Level 5 of the Dungeon
  4806 | D:5      | Found a staircase to the Ecumenical Temple.
  4871 | Temple   | Entered the Ecumenical Temple
  5247 | Temple   | Became a worshipper of Dithmenos the Shadowed
  5771 | D:5      | Reached XP level 8. HP: 58/58 MP: 9/13
  6424 | D:5      | Reached skill level 1 in Short Blades
  7155 | D:4      | Killed Sigmund
  7156 | D:4      | Reached skill level 1 in Evocations
  7264 | D:4      | Noticed Grinder
  7347 | D:4      | Killed Grinder
  7348 | D:4      | Reached skill level 4 in Dodging
  7348 | D:4      | Reached XP level 9. HP: 54/65 MP: 3/15
  7508 | D:4      | Found a blossoming altar of Fedhas.
  7508 | D:4      | Found a faded altar of an unknown god.
  7514 | D:4      | Found a faded altar of an unknown god.
  7516 | D:4      | Found an iron altar of Okawaru.
  7518 | D:4      | Found an ornate altar of the Wu Jian Council.
  7640 | D:4      | Noticed Menkaure
  7646 | D:4      | Learned a level 3 spell: Vampiric Draining
  7944 | D:4      | Killed Menkaure
  7945 | D:4      | Reached skill level 1 in Necromancy
  8744 | D:6      | Reached skill level 5 in Fighting
  9311 | D:6      | Found a hazy altar of Hepliaklqana.
  9436 | D:7      | Found a flagged portal.
  9487 | Bailey   | Entered a bailey
  9795 | Bailey   | Reached * piety under Dithmenos
  9930 | Bailey   | Reached skill level 5 in Dodging
 10646 | D:7      | Reached XP level 10. HP: 63/74 MP: 6/16
 10837 | D:7      | Noticed Joseph
 11254 | D:7      | Found a shimmering blue altar of Sif Muna.
 11353 | D:7      | Learned a level 4 spell: Anguish
 11365 | D:7      | Killed Joseph
 11603 | D:8      | Reached skill level 5 in Hexes
 11814 | D:8      | Noticed Maggie
 11833 | D:8      | Noticed Maurice
 11837 | D:8      | Paralysed by Maurice for 3 turns
 11852 | D:8      | Killed Maurice
 11865 | D:8      | Killed Maggie
 12294 | D:8      | Reached skill level 6 in Dodging
 12872 | D:8      | Reached ** piety under Dithmenos
 12888 | D:8      | Reached skill level 1 in Armour
 13167 | D:8      | Found a basalt altar of Yredelemnul.
 13184 | D:8      | Reached XP level 11. HP: 65/83 MP: 1/17
 13539 | D:8      | Noticed Grum
 13558 | D:8      | Killed Grum
 14088 | D:9      | Reached skill level 5 in Necromancy
 14460 | D:9      | Found an ancient bone altar of Kikubaaqudgha.
 14644 | D:9      | Reached skill level 1 in Throwing
 14644 | D:9      | Reached skill level 7 in Dodging
 15434 | D:10     | Entered Level 10 of the Dungeon
 15438 | D:10     | Noticed a two-headed ogre
 15446 | D:10     | Killed a two-headed ogre
 15892 | D:10     | Reached *** piety under Dithmenos
 16034 | D:10     | Found a burning altar of Makhleb.
 16174 | D:11     | Identified the +8 ring mail of the Wilderness {Dex+3}
 16301 | D:11     | Found a staircase to the Lair.
 17325 | D:11     | Reached skill level 5 in Spellcasting
 17419 | D:11     | Noticed a two-headed ogre
 17441 | D:11     | Killed a two-headed ogre
 17862 | D:11     | Reached XP level 12. HP: 92/92 MP: 17/19
 18197 | D:11     | Reached skill level 8 in Dodging
 18274 | D:11     | Learned a level 4 spell: Fulminant Prism
 18976 | D:11     | Identified the +6 war axe "Ochaemn" {distort, Str+4}
 19012 | D:11     | Got Ijeuddeh's Codex of the Transforming Stinger
 19205 | Lair:1   | Entered Level 1 of the Lair of Beasts
 19903 | Lair:1   | Found a frozen archway.
 19921 | Lair:1   | Reached skill level 5 in Stealth
 19925 | IceCv    | Entered an ice cave
 20010 | IceCv    | Reached **** piety under Dithmenos
 20711 | IceCv    | Noticed a reaper
 21565 | Lair:1   | Reached XP level 13. HP: 71/100 MP: 17/20
 22080 | Lair:2   | Reached skill level 9 in Dodging
 22905 | Lair:2   | Found a staircase to the Shoals.
 23152 | Lair:2   | Noticed Harold
 23204 | Lair:2   | Killed Harold
 26239 | Lair:3   | Noticed a four-headed hydra
 26712 | Lair:3   | Identified the ring "Jyemoost" {rPois rC+ Int+4}
 27518 | Lair:3   | Killed a four-headed hydra
 27601 | Lair:4   | Found a hole to the Spider Nest.
 27671 | Lair:4   | Noticed a four-headed hydra
 27680 | Lair:4   | Noticed a seven-headed hydra
 27747 | Lair:4   | Noticed an ice dragon
 27860 | Lair:4   | Reached skill level 10 in Dodging
 27870 | Lair:4   | Slain by a komodo dragon

Illustrated notes

Levels and vault maps discovered:
D:1:      evilmike_arrival_fibonacci_small, layout_basic,
          hellmonk_ecumenical_altar_slurped_away, minmay_octomino_c4
D:2:      layout_rooms, serial_shops, nicolae_shop_behind_doors, serial_undead,
          serial_undead_c, serial_undead_e, serial_undead_e, serial_undead_c,
          basic_altar, minmay_misc_feat_pillars
D:3:      layout_loops_ring, minmay_between, uniq_ijyb
D:4:      layout_cave_pools, chequers_temple_overflow_minitemple,
          gup_ossuary_entry_pyramid, uniq_menkaure, uniq_grinder, uniq_sigmund
D:5:      minmay_general_purpose_star, layout_loops_corners,
          minmay_temple_entry_gardened_gates, grunt_decor_resistance
D:6:      layout_loops_ring, nicolae_hepliaklqana_monster_ancestors,
          serial_bayou_pond_a
D:7:      layout_loops_ring, nicolae_sif_muna_little_library, enter_bailey_2,
          chequers_serial_rivers_micro_c, uniq_joseph
D:8:      layout_loops_ring, nicolae_yredelemnul_corpse_copse,
          serial_co_window_serial, co_window_paths_a, co_window_paths_a,
          co_window_paths_b, co_window_of_opportunity_a, co_window_corner_a,
          co_window_of_opportunity_b, co_window_cross_3,
          co_window_of_opportunity_c, co_window_corner_ca,
          co_window_unsneaky_path_e, co_window_paths_e, glass_columns_b,
          glass_columns_b, chequers_serial_rivers_micro_a, uniq_maurice,
          uniq_maggie, uniq_grum
D:9:      layout_basic, old_standard_altar, serial_glass, glass_columns_a,
          glass_columns_c, nicolae_looking_at_the_future
D:10:     layout_roguey, lemuel_doored_altar
D:11:     layout_cave_pods, david_lair_shrubbed, serial_rivers,
          chequers_serial_rivers_marsh, chequers_serial_rivers_room_b,
          chequers_serial_rivers_micro_d, chequers_serial_rivers_micro_a,
          introduction_to_nature_2
Temple:   dpeg_chambers_temple
Lair:1:   layout_roguey, portal_ice_cave_entry_pillars_1
Lair:2:   dpeg_oklob_gauntlet, layout_small_grid, minmay_shoals_entry_centaurs,
          beast_lair_carwin_11, grunt_megastairs_5, uniq_harold
Lair:3:   layout_regular_city, grunt_megastairs_2, serial_bayou_shore_b,
          infiniplex_staircase_pool, lemuel_fruit_tree
Lair:4:   layout_regular_city, spider_nest_entry_a, ebering_ghost_rock_garden,
          ice2_lemuel, lemuel_fruit_fields

Skill      XL: |  1  2  3  4  5  6  7  8  9 10 11 12 13 |
---------------+----------------------------------------+-----
Fighting       | 1 2 3 4 5 6 7 8 9 |  9.9
Stealth        | 3 4 5 7 |  7.4
Spellcasting   | 3 4 5 |  5.0
Hexes          | 1 2 3 4 5 7 8 |  8.0
Dodging        | 3 4 5 6 7 8 10 | 10.0
Conjurations   | 5 6 7 8 9 |  9.9
Short Blades   | 2 |  2.0
Evocations     | 1 2 4 |  4.0
Necromancy     | 3 4 6 7 8 |  8.8
Armour         | 1 2 3 4 |  4.0
Throwing       | 2 |  2.0
Staves         | |  0.3
Unarmed Combat | |  0.3
Translocations | |  0.3
Invocations    | |  0.6

Action                   |  1- 3 |  4- 6 |  7- 9 | 10-12 | 13-15 || total
-------------------------+-------+-------+-------+-------+-------++-------
Melee: Short sword       |     3 |       |       |       |       ||     3
       Dagger            |     7 |    52 |   243 |   750 |   438 ||  1490
       Punch             |       |       |     5 |    11 |     5 ||    21
       Unarmed           |       |       |       |    13 |       ||    13
       Trident           |       |       |       |       |    90 ||    90
Throw: Dart              |       |     4 |     2 |    14 |    11 ||    31
       Throwing net      |       |       |       |     4 |       ||     4
 Cast: Magic Dart        |    68 |    74 |    85 |    35 |     4 ||   266
       Searing Ray       |     3 |     8 |    40 |    46 |     1 ||    98
       Dazzling Flash    |       |     2 |     7 |    18 |    11 ||    38
       Apportation       |       |     2 |     2 |     2 |     2 ||     8
       Confusing Touch   |       |       |    14 |    56 |    28 ||    98
       Anguish           |       |       |       |    21 |    13 ||    34
       Vampiric Draining |       |       |       |     4 |     2 ||     6
       Fulminant Prism   |       |       |       |    34 |    40 ||    74
Invok: Shadow Step       |       |       |       |     1 |       ||     1
Evoke: Wand              |       |       |    10 |    33 |    12 ||    55
  Use: Scroll            |       |     3 |     7 |    10 |     8 ||    28
       Potion            |       |     4 |     1 |     6 |     1 ||    12
 Stab: Sleeping          |     2 |     4 |     9 |     3 |     2 ||    20
       Invisible         |       |     1 |     2 |    12 |     5 ||    20
       Confused          |       |       |     4 |    42 |    35 ||    81
       Paralysed         |       |       |     3 |    14 |     6 ||    23
       Distracted        |       |       |       |     1 |       ||     1
Armor: Robe              |     1 |    13 |    51 |    20 |       ||    85
       Swamp dragon scal |       |       |       |   208 |       ||   208
       Skin              |       |       |       |    16 |       ||    16
       Ring mail         |       |       |       |    68 |   261 ||   329
Dodge: Dodged            |     9 |    37 |   176 |   639 |   516 ||  1377
       Repelled          |       |     2 |     1 |     1 |     3 ||     7

Table legend: (Time is in decaauts)
 A = Elapsed time spent in this place.
 B = Non-inter-level travel time spent in this place.
 C = Inter-level travel time spent in this place.
 D = Time resting spent in this place.
 E = Time spent auto-exploring this place.
 F = Levels seen in this place.
 G = Mean time per level.
                   A        B        C        D        E       F      G
               +--------+--------+--------+--------+--------+-----+--------+
         Total |  27754 |  26962 |    792 |   7576 |  13644 |  18 | 1541.9 |
       Dungeon |  18169 |  17572 |    597 |   3990 |  10301 |  11 | 1651.7 |
        Temple |    402 |    375 |     27 |      0 |    252 |   1 |  402.0 |
          Lair |   7264 |   7097 |    167 |   2692 |   2714 |   4 | 1816.0 |
        Bailey |    829 |    829 |      0 |    371 |    278 |   1 |  829.0 |
      Ice Cave |   1088 |   1088 |      0 |    523 |     99 |   1 | 1088.0 |
               +--------+--------+--------+--------+--------+-----+--------+

Top non-repeatable levels by time:
  Lair:2: 3346 daAuts
    D:11: 2928 daAuts
     D:8: 2505 daAuts
     D:5: 2379 daAuts
  Lair:3: 2272 daAuts
     D:1: 1617 daAuts
  Lair:1: 1509 daAuts
     D:3: 1421 daAuts
     D:9: 1370 daAuts
     D:6: 1325 daAuts
     D:7: 1310 daAuts
     D:4: 1272 daAuts
    D:10: 1100 daAuts
   IceCv: 1088 daAuts
     D:2: 937 daAuts
